 Dungeon Crawl Stone Soup version 0.31-a0-198-g2ad674f65e (webtiles) character file.

Game seed: 14974453317765280418

24 qw the Shooter (level 2, 0/16 HPs)
             Began as a Deep Elf Hunter on June 25, 2023.
             Slain by an adder (3 damage)
             ... on level 2 of the Dungeon.
             The game lasted 00:00:17 (710 turns).

qw the Shooter (Deep Elf Hunter)                     Turns: 710, Time: 00:00:18

Health: 0/16       AC:  6    Str:  8    XL:     2   Next: 79%
Magic:  4/4        EV: 10    Int: 13    God:
Gold:   42         SH:  0    Dex: 18    Spells: 1/1 levels left

rFire   . . .        Y - +0 shortbow
rCold   . . .        (shield currently unavailable)
rNeg    . . .        d - +0 ring mail
rPois   .            (no helmet)
rElec   .            (no cloak)
rCorr   .            (no gloves)
SInv    .            h - +0 pair of boots
Will    .....        (no amulet)
Stlth   +            (no ring)
HPRegen 0.22/turn    (no ring)
MPRegen 0.09/turn

%: no passive effects
@: lethally poisoned (0 -> -3)
A: no striking features
a: no special abilities


You were on level 2 of the Dungeon.
You visited 1 branch of the dungeon, and saw 2 of its levels.

You collected 42 gold pieces.


   Skills:
 - Level 1.5 Fighting
 + Level 6.5 Ranged Weapons
 - Level 2.4 Dodging
 - Level 1.2 Stealth


You had one spell level left.
You didn't know any spells.
Your spell library was empty.

Inventory:

Hand Weapons
 Y - a +0 shortbow (weapon)
Armour
 d - a +0 ring mail (worn)
 h - a +0 pair of boots (worn)
Potions
 e - 2 potions of curing
 g - a potion of might {unknown}
 i - a potion of resistance {unknown}

Dungeon Overview and Level Annotations

Branches:
Dungeon (2/15)

Altars:


Message History

You shoot an arrow. The arrow hits the hobgoblin.
You kill the hobgoblin!
You start resting.
HP restored.
Done exploring.
(D) Dungeon
Where to? (* - list waypoints, Enter - D:2, ? - help)
What level of the Dungeon? (default 1, ? - help)
You climb downwards.
There is a stone staircase leading up here.
An adder comes into view.
You shoot an arrow. The arrow hits the adder!
The adder hisses angrily.
The adder is almost dead.
You hear an angry hiss. x2; You hear a shout!
You hear an angry hiss. x2
You shoot an arrow. The arrow closely misses the adder.
You shoot an arrow. The arrow closely misses the adder.
You shoot an arrow. The arrow barely misses the adder.
A hobgoblin comes into view.
You shoot an arrow.
The arrow hits the adder but does no damage.
The adder is almost dead.
The adder bites you.
You are poisoned.
The adder poisons you! The adder barely misses you.
You shoot an arrow. The arrow barely misses the adder.
You feel sick.
A bat comes into view.
The adder bites you. The hobgoblin hits you.
You shoot an arrow. The arrow barely misses the adder.
You feel sick. The adder barely misses you.
A frilled lizard comes into view.
The hobgoblin barely misses you. The adder bites you.
The hobgoblin closely misses you.
You shoot an arrow. The arrow closely misses the adder.
You feel sick. The adder bites you. The bat hits you but does no damage.
A dart slug comes into view.
The hobgoblin hits you but does no damage.
The adder bites you.
You die...

.# . . .
#.## #
.. #.#.
.#...
#.. #...
#.##
#..#
#<##S.#
##.@b#
#.lg#
#...w#
#....#
##....#
#.....#
##.##...
.# ###


You could see an adder, a dart slug, a hobgoblin, a bat and a frilled lizard.

Vanquished Creatures
  2 endoplasms (D:1)
  A giant cockroach (D:1)
  4 hobgoblins (D:1)
  2 jackals (D:1)
  3 kobolds (D:1)
  6 ball pythons (D:1)
  2 bats (D:1)
  A rat (D:1)
21 creatures vanquished.

Notes
Turn   | Place    | Note
-------+----------+-------------------------------------------
     0 | D:1      | qw the Deep Elf Hunter began the quest for the Orb.
     0 | D:1      | Reached XP level 1. HP: 12/12 MP: 3/3
     0 | D:1      | 0 ||| qw: Version: 0.3-a-22-g0ed2b0b
     0 | D:1      | 0 ||| qw: Game counter: 5450
     0 | D:1      | 0 ||| qw: Melee chars always use a shield: true
     0 | D:1      | 0 ||| qw: God list: Okawaru
     0 | D:1      | 0 ||| qw: Allow faded altars: false
     0 | D:1      | 0 ||| qw: Do Orc after clearing Dungeon:15 true
     0 | D:1      | 0 ||| qw: Do second Lair branch before Depths: true
     0 | D:1      | 0 ||| qw: Lair rune preference: random
     0 | D:1      | 0 ||| qw: Goals: Normal
     0 | D:1      | 0 ||| PLANNING D:1-11
   140 | D:1      | Found a faded altar of an unknown god.
   191 | D:1      | Reached XP level 2. HP: 16/16 MP: 4/4
   196 | D:1      | Reached skill level 6 in Ranged Weapons
   649 | D:1      | 649 ||| UPGRADING to +0 ring mail.
   659 | D:1      | 659 ||| DROPPING +0 leather armour.
   660 | D:1      | 660 ||| UPGRADING to +0 pair of boots.
   665 | D:1      | 665 ||| READING scroll labelled ASUMUSH HISAIS.
   666 | D:1      | 666 ||| READING scroll labelled TIVAGI QIGROI.
   667 | D:1      | 667 ||| DRINKING 3 bubbling orange potions.
   668 | D:1      | 668 ||| DROPPING scroll of butterflies.
   683 | D:2      | 683 ||| STAIRDANCE
   710 | D:2      | HP: 3/16 [adder (3)]
   710 | D:2      | Slain by an adder

Levels and vault maps discovered:
D:1:      onia_arrival_pyramid, layout_loops_cross, basic_ecumenical_altar,
          chequers_arboretum, st_stairs_6
D:2:      layout_loops_ring, minmay_heptomino_w4, uniq_crazy_yiuf_cottage

Skill      XL: |  1  2 |
---------------+-------+-----
Ranged Weapons | 6 |  6.5
Fighting       | |  1.5
Dodging        | |  2.4
Stealth        | |  1.2

Action                     || total
---------------------------++-------
   Fire: Shortbow          ||    61
    Use: Scroll            ||     2
         Potion            ||     1
 Armour: Leather armour    ||     4
         Ring mail         ||     3
  Dodge: Dodged            ||    24

Table legend:
 A = Non-vault XP
 B = Vault XP
 C = Vault XP percentage of total XP
 D = Non-vault monster count
 E = Vault monster count
 F = Vault count percentage of total count
                 A         B        C        D         E       F
            +---------+---------+-------+---------+---------+-------
      Total |      31 |       4 |  11.4 |      18 |       3 |  14.3
            +---------+---------+-------+---------+---------+-------
        D:1 |      31 |       4 |  11.4 |      18 |       3 |  14.3
            +---------+---------+-------+---------+---------+-------
